Map: Golden Wall LE

Players

Throwfordays - Winner!

  • Race: Protoss Protoss
  • League: Silver
  • Spawn Location: 5:00

VOD

Have the link to the VOD?

Description

Time

  • Played on: June 29, 2020, 4:43 p.m.
  • Length: 12:46
Show
View Real Time Build Order
Export as new Build Order

Throwfordays Protoss - Winner!

Build Orders:  

Get SALT Encoding   

  12  0:03  Probe (Chrono Boost)  
  14  0:20  Probe (Chrono Boost)  
  14  0:38  Probe (Chrono Boost)  
  14  0:39  Pylon  
  15  1:04  Probe (Chrono Boost)  
  15  1:08  Gateway  
  16  1:15  Probe (Chrono Boost)  
  17  1:27  Probe (Chrono Boost)  
  18  1:45  Nexus  
  18  2:01  Assimilator  
  18  2:13  Cybernetics Core  
  18  2:19  Probe (Chrono Boost)  
  19  2:24  Pylon  
  19  2:36  Probe (Chrono Boost)  
  20  2:55  Gateway  
  20  3:25  Probe (Chrono Boost)  
  22  3:30  Assimilator  
  22  3:31  Probe (Chrono Boost)  
  22  3:36  Probe (Chrono Boost)  
  23  3:40  Stalker  
  23  3:48  Probe (Chrono Boost)  
  26  3:55  Probe (Chrono Boost)  
  26  3:59  Warp Gate  
  27  4:01  Stalker  
  27  4:05  Probe (Chrono Boost)  
  31  4:12  Probe (Chrono Boost)  
  31  4:19  Assimilator  
  31  4:27  Probe (Chrono Boost)  
  31  4:28  Probe (Chrono Boost)  
  33  4:32  Pylon  
  33  4:34  Stalker  
  35  4:44  Stalker, Probe (Chrono Boost)  
  38  4:51  Assimilator  
  38  4:56  Probe (Chrono Boost)  
  40  5:01  Probe (Chrono Boost)  
  40  5:13  Probe (Chrono Boost)  
  40  5:15  Stargate  
  40  5:18  Probe (Chrono Boost)  
  43  5:30  Probe (Chrono Boost)  
  43  5:35  Probe (Chrono Boost)  
  44  5:40  Stalker  
  44  5:43  Stalker  
  44  5:48  Probe (Chrono Boost)  
  50  5:52  Probe (Chrono Boost)  
  50  6:05  Probe (Chrono Boost)  
  51  6:18  Pylon, Zealot  
  54  6:22  Probe (Chrono Boost)  
  54  6:34  Void Ray  
  54  6:43  Pylon  
  54  6:46  Probe x2 (Chrono Boost)  
  54  6:49  Pylon  
  60  6:53  Pylon  
  60  6:57  Zealot  
  64  7:11  Probe x2 (Chrono Boost)  
  64  7:12  Pylon, Zealot  
  66  7:28  Probe (Chrono Boost)  
  66  7:29  Void Ray, Stalker  
  55  7:49  Stalker  
  59  8:10  Protoss Air Weapons Level 1  
  60  8:21  Probe (Chrono Boost)  
  60  8:22  Gateway  
  60  8:23  Gateway  
  60  8:26  Stalker x2  
  60  8:27  Void Ray  
  64  8:39  Stargate  
  68  9:17  Stalker x2  
  72  9:33  Void Ray x2  
  72  9:35  Pylon  
  80  9:57  Stalker x2  
  80  9:58  Stalker x2  
  88  10:06  Gateway  
  88  10:21  Void Ray x2  
  96  10:40  Stalker x3  
  96  10:45  Pylon  
  102  11:19  Nexus  
  92  12:31  Stalker x3  
  92  12:32  Stalker x2  
Tags
 
League
Silver
Matchup
Co-op
Replay Pack
Multiplayer
Add a new tag
Caveats
  • Supply blocks, unpowered buildings, or Contaminate may cause inaccurate times.
  • Supply counts are checked every 10 seconds.